Map: Dusk Towers

Players

viOlet

  • Race: Zerg Zerg

Showtime - Winner!

  • Race: Protoss Protoss

Event: DreamHack Open Tours WCS Spring Championship

VOD

Have the link to the VOD?

Description

Time

  • Played on: May 15, 2016, 2:16 p.m.
  • Length: 6:17

All games in this series

Show
View Real Time Build Order
Export as new Build Order

viOlet Zerg 

Build Orders: 3 Hatch before Pool 

Get SALT Encoding   

  12  0:00  Drone  
  13  0:12  Overlord  
  13  0:17  Drone  
  14  0:30  Drone x2  
  16  0:36  Drone  
  17  0:53  Hatchery  
  17  0:56  Drone  
  17  0:57  Drone  
  18  1:17  Hatchery  
  17  1:19  Drone  
  17  1:23  Drone  
  19  1:35  Spawning Pool  
  19  1:38  Drone  
  19  1:41  Drone  
  20  1:52  Extractor  
  19  1:54  Drone  
  20  2:04  Drone  
  20  2:05  Drone  
  22  2:11  Drone  
  23  2:15  Drone  
  23  2:21  Queen x2  
  28  2:23  Overlord  
  28  2:30  Queen  
  28  2:34  Drone  
  31  2:39  Drone  
  31  2:40  Drone  
  31  2:42  Drone  
  34  2:49  Drone x2  
  36  2:56  Drone  
  36  2:57  Queen  
  39  3:01  Overlord  
  39  3:03  Drone x2  
  41  3:10  Overlord  
  41  3:12  Metabolic Boost  
  41  3:18  Overlord  
  41  3:20  Drone  
  42  3:30  Drone x7  
  42  3:33  Zergling x2  
  50  3:35  Overlord  
  50  3:42  Drone x2  
  50  3:46  Drone  
  50  3:47  Overlord, Drone  
  54  3:55  Drone x3  
  57  3:57  Lair  
  58  4:02  Drone  
  58  4:03  Drone x3  
  58  4:04  Drone x2  
  63  4:10  Drone x2, Extractor  
  63  4:11  Drone, Extractor  
  63  4:13  Evolution Chamber, Drone x2  
  65  4:18  Overlord  
  65  4:21  Zergling x6  
  68  4:27  Zergling x2  
  68  4:28  Spine Crawler, Zergling x2  
  68  4:32  Roach Warren  
  68  4:37  Zergling x6  
  70  4:40  Zergling x4  
  70  4:41  Overlord  
  70  4:42  Overlord  
  72  4:47  Zergling x6  
  72  4:48  Zergling x2  
  76  4:53  Spore Crawler  
  76  4:56  Zergling x6  
  78  5:13  Roach  
  78  5:14  Roach x3  
  81  5:17  Roach x2  
  81  5:18  Roach x3  
  81  5:19  Zergling x2  
  81  5:20  Zergling x8  
  85  5:26  Zergling x6  
  85  5:31  Roach  
  85  5:36  Roach  
  85  5:40  Roach  
  84  5:45  Roach  
  84  5:47  Zergling x6, Roach  
  84  5:48  Zergling x2  
  74  5:57  Roach x2  
  74  6:00  Zergling x2  
Show
View Real Time Build Order
Export as new Build Order

Showtime Protoss - Winner!

Build Orders: 1 Gate Expand, Mass Adepts 

Get SALT Encoding   

  12  0:00  Probe (Chrono Boost)  
  13  0:11  Probe (Chrono Boost)  
  14  0:17  Pylon  
  14  0:22  Probe (Chrono Boost)  
  15  0:36  Probe (Chrono Boost)  
  15  0:37  Gateway  
  16  0:43  Assimilator  
  16  0:46  Probe (Chrono Boost)  
  18  0:57  Probe (Chrono Boost)  
  18  1:07  Probe (Chrono Boost)  
  19  1:18  Probe (Chrono Boost)  
  20  1:22  Nexus  
  20  1:32  Cybernetics Core  
  20  1:34  Probe (Chrono Boost)  
  21  1:42  Assimilator  
  21  1:45  Probe (Chrono Boost)  
  22  1:51  Pylon  
  22  1:55  Probe (Chrono Boost)  
  23  2:09  Probe (Chrono Boost)  
  23  2:10  Warp Gate, Stalker (Chrono Boost)  
  26  2:21  Probe  
  27  2:25  Twilight Council  
  27  2:34  Probe x2 (Chrono Boost)  
  29  2:45  Probe x2 (Chrono Boost)  
  29  2:49  Robotics Facility  
  31  2:54  Resonating Glaives (Chrono Boost)  
  31  2:55  Probe x2 (Chrono Boost)  
  33  3:04  Probe  
  33  3:06  Probe  
  35  3:15  Probe  
  35  3:18  Probe  
  37  3:25  Probe  
  37  3:26  Gateway  
  37  3:28  Gateway  
  37  3:29  Gateway  
  37  3:33  Gateway  
  38  3:40  Warp Prism (Chrono Boost)  
  40  3:46  Gateway  
  40  3:51  Gateway  
  40  3:57  Gateway  
  40  4:01  Pylon  
  40  4:02  Probe  
  41  4:03  Probe  
  42  4:11  Pylon  
  42  4:13  Adept  
  44  4:23  Adept  
  46  4:25  Adept x2  
  50  4:33  Pylon, Mothership Core  
  52  4:39  Pylon  
  52  4:57  Adept x2  
  52  4:58  Adept x6  
  68  5:03  Pylon  
  62  5:23  Adept x6  
  62  5:24  Adept  
  62  5:28  Adept  
  70  5:52  Adept x4  
  70  5:53  Adept x3  
  70  5:54  Adept  

Tags
 
Add a new tag
Caveats
  • Supply blocks, unpowered buildings, or Contaminate may cause inaccurate times.
  • Supply counts are checked every 10 seconds.